 Dungeon Crawl Stone Soup version 0.22-a0-571-g4a923d4 (webtiles) character file.

1002 Hebeh the Chopper (level 8, 0/70 HPs)
             Began as a Minotaur Fighter on July 1, 2018.
             Slain by a hippogriff (3 damage)
             ... on level 5 of the Dungeon.
             The game lasted 00:11:08 (3722 turns).

Hebeh the Chopper (Minotaur Fighter)                Turns: 3722, Time: 00:11:09

Health: 0/70       AC:  9    Str: 27    XL:     8   Next: 0%
Magic:  7/7        EV:  6    Int:  5    God:
Gold:   205        SH: 16    Dex:  9    Spells: 7/7 levels left

rFire    + . .     SeeInvis .   b - +4 mace of the Key {speed, rF+ Str+3}
rCold    . . .     Gourm    .   s - +0 large shield
rNeg     . . .     Faith    .   C - +0 scale mail
rPois    .         Spirit   .   n - +1 hat
rElec    .         Reflect  .   g - scarf {cloud immunity}
rCorr    .         Harm     .   c - +0 pair of gloves
MR       .....                  (no boots)
Stlth    ..........             (no amulet)
HPRegen  0.21/turn              (no ring)
MPRegen  0.10/turn              (no ring)

@: no status effects
A: retaliatory headbutt, horns 2
a: no special abilities


You were on level 5 of the Dungeon.
You were not hungry.

You visited 1 branch of the dungeon, and saw 5 of its levels.

You collected 205 gold pieces.

Inventory:

Hand Weapons
 a - a +0 war axe
 b - the +4 mace of the Key (weapon) {speed, rF+ Str+3}
   (You found it on level 5 of the Dungeon)

   Attacks with this weapon are significantly faster.
   It affects your strength (+3).
   It protects you from fire.
Armour
 c - a +0 pair of gloves (worn)
 g - a scarf of cloud immunity (worn)
 n - a +1 hat (worn)
 s - a +0 large shield (worn)
 C - a +0 scale mail (worn)
Wands
 v - a wand of clouds (7)
Scrolls
 e - 4 scrolls of remove curse {unknown}
 h - a scroll of enchant weapon {unknown}
 j - 2 scrolls of enchant armour {unknown}
 k - 2 scrolls of magic mapping {unknown}
 o - 2 scrolls of amnesia {unknown}
 p - 3 scrolls of identify {unknown}
 t - a scroll of immolation {unknown}
 w - a scroll of blinking {unknown}
 x - a scroll of random uselessness {unknown}
 y - a scroll of noise {unknown}
 A - 2 scrolls of teleportation {unknown}
Potions
 d - 2 potions of might
 i - a potion of flight {unknown}
 l - 3 potions of brilliance {unknown}
 m - 6 potions of curing {unknown}
 q - 2 potions of haste {unknown}
 r - a potion of cancellation {unknown}
 u - a potion of invisibility {unknown}
 z - a potion of berserk rage {unknown}
Comestibles
 f - 6 rations


   Skills:
 + Level 5.7 Fighting
 + Level 6.7(6.8) Axes
 * Level 1.8(4.5) Maces & Flails
 - Level 3.1 Throwing
 + Level 5.8 Armour
 + Level 5.6 Shields
 + Level 0.7 Evocations


You had 7 spell levels left.
You didn't know any spells.
Your spell library was empty.

Dungeon Overview and Level Annotations

Branches:
Dungeon (5/15)
 Temple: D:4-7

Altars:
Ashenzari
Fedhas
Hepliaklqana
Kikubaaqudgha
Makhleb
Okawaru

Shops:
D:5 =


Innate Abilities, Weirdness & Mutations

You reflexively headbutt those who attack you in melee.
You have a pair of horns on your head.


Message History

You block the hippogriff's attack. The hippogriff pecks you.
* * * LOW HITPOINT WARNING * * *
The hippogriff claws you but does no damage.
You block the adder's attack.
You hit the hippogriff. Your headbutt misses the hippogriff.
The hippogriff is lightly wounded.
You block the hippogriff's attack. x2
The hippogriff claws you but does no damage.
You block the adder's attack.
You closely miss the hippogriff.
The hippogriff is lightly wounded.
You block the hippogriff's attack. x2
The hippogriff claws you but does no damage.
You block the adder's attack.
You thump the hippogriff! You headbutt the hippogriff!
The hippogriff is heavily wounded.
The hippogriff bites you.
* * * LOW HITPOINT WARNING * * *
The hippogriff pecks you.
You die...

....# #.#
#....# ##.##
###...#
##...#
##....##
##.####
#......###.##
........(.##
.###.......#
#.SH....#
#..@.###.#
#....# #.#
#.....# #.#
#......# ##
......#..#
....####..
..$# #..# ...
.... .. .###.


You could see a hippogriff and an adder.

Vanquished Creatures
  Sigmund (D:4)
  Menkaure (D:5)
  Edmund (D:5)
  A phantom (D:4)
  An ogre (D:5)
  A big kobold (D:5)
  A scorpion (D:5)
  A crimson imp (D:5)
  3 hounds (D:4)
  2 worker ants
  A howler monkey skeleton (D:5)
  5 adders
  A shadow imp (D:4)
  2 oozes (D:2)
  A worm (D:2)
  A dart slug (D:3)
  2 leopard geckos (D:1)
  4 orcs (D:5)
  3 giant cockroaches
  7 goblins
  3 hobgoblins
  8 jackals
  10 kobolds
  2 quokkas
  4 ball pythons
  8 bats
  4 frilled lizards
  8 rats
87 creatures vanquished.

Notes
Turn   | Place    | Note
-------+----------+-------------------------------------------
     0 | D:1      | Hebeh the Minotaur Fighter began the quest for the Orb.
     0 | D:1      | Reached XP level 1. HP: 19/19 MP: 0/0
   179 | D:1      | Reached XP level 2. HP: 27/27 MP: 1/1
   229 | D:1      | Reached skill level 3 in Axes
   726 | D:2      | Reached XP level 3. HP: 23/33 MP: 2/2
   921 | D:2      | Reached skill level 1 in Throwing
  1187 | D:2      | Reached XP level 4. HP: 38/40 MP: 3/3
  1449 | D:2      | Found a burning altar of Makhleb.
  1449 | D:2      | Found an ancient bone altar of Kikubaaqudgha.
  1703 | D:2      | Found a blossoming altar of Fedhas.
  1704 | D:2      | Found an iron altar of Okawaru.
  2197 | D:3      | Reached skill level 4 in Axes
  2574 | D:4      | Reached XP level 5. HP: 44/47 MP: 4/4
  2693 | D:4      | Noticed Sigmund
  2705 | D:4      | Killed Sigmund
  2705 | D:4      | Reached skill level 5 in Axes
  2705 | D:4      | Reached XP level 6. HP: 46/53 MP: 5/5
  2891 | D:4      | Reached skill level 5 in Fighting
  2891 | D:4      | Reached skill level 5 in Armour
  2932 | D:4      | Reached skill level 5 in Shields
  3072 | D:4      | Found a shattered altar of Ashenzari.
  3116 | D:5      | Entered Level 5 of the Dungeon
  3116 | D:5      | Noticed Edmund
  3124 | D:5      | Killed Edmund
  3124 | D:5      | Reached XP level 7. HP: 53/61 MP: 6/6
  3137 | D:5      | Reached skill level 6 in Axes
  3161 | D:5      | Found Midozal's Jewellery Emporium.
  3484 | D:5      | Found a hazy altar of Hepliaklqana.
  3596 | D:5      | Got a slimy mace
  3608 | D:5      | Identified the +4 mace of the Key {speed, rF+ Str+3} (You found it on level 5 of the Dungeon)
  3690 | D:5      | Noticed Menkaure
  3702 | D:5      | Killed Menkaure
  3702 | D:5      | Reached skill level 1 in Maces & Flails
  3707 | D:5      | Reached XP level 8. HP: 8/70 MP: 7/7
  3712 | D:5      | Noticed a hippogriff
  3722 | D:5      | HP: 3/70 [hippogriff (6)]
  3722 | D:5      | Slain by a hippogriff

Vault maps used:
D:1:      dpeg_arrival_shelter
D:2:      gammafunk_temple_overflow_elements, gammafunk_temple_overflow_statue,
          minmay_misc_feat_nine_boxes
D:3:      first_ration
D:4:      old_standard_altar, uniq_sigmund
D:5:      overflow_temple_1_default, minmay_temple_entry_large_hall,
          serial_shops, nicolae_shop_crystal, supply_closet_lemuel,
          grunt_ministairs_9, uniq_menkaure, uniq_edmund

Skill      XL: |  1  2  3  4  5  6  7 |
---------------+----------------------+-----
Axes           | 3 4 5 6 |  6.7
Fighting       | 4 5 |  5.7
Throwing       | 1 2 3 |  3.1
Armour         | 4 5 |  5.8
Shields        | 4 5 |  5.6
Maces & Flails | 1 |  1.8
Evocations     | |  0.7

Action                   |  1- 3 |  4- 6 |  7- 9 || total
-------------------------+-------+-------+-------++-------
Melee: War axe           |    98 |   110 |    33 ||   241
       Headbutt          |     6 |    16 |     8 ||    30
       Mace              |       |       |    27 ||    27
  Eat: Chunk             |     1 |     5 |       ||     6
       Ration            |       |     1 |       ||     1
Armor: Scale mail        |    75 |    33 |    22 ||   130
Dodge: Dodged            |    49 |    19 |    13 ||    81
Block: Shield            |    70 |     8 |       ||    78
       Large shield      |       |    65 |    56 ||   121

Table legend:
 A = Spawn XP
 B = Non-spawn XP
 C = Spawn XP percentage of total XP
 D = Spawn monster count
 E = Non-spawn monster count
 F = Spawn count percentage of total count
 G = Total turns spent on level
                    A         B        C        D         E        F      G
               +---------+---------+-------+---------+---------+-------+---------
         Total |       0 |    1432 |   0.0 |       0 |      87 |   0.0 |  3722
               +---------+---------+-------+---------+---------+-------+---------
           D:1 |       0 |      36 |   0.0 |       0 |      21 |   0.0 |   674
           D:2 |       0 |      79 |   0.0 |       0 |      21 |   0.0 |  1290
           D:3 |       0 |      40 |   0.0 |       0 |      15 |   0.0 |   564
           D:4 |       0 |     527 |   0.0 |       0 |      10 |   0.0 |   588
           D:5 |       0 |     750 |   0.0 |       0 |      20 |   0.0 |   606
               +---------+---------+-------+---------+---------+-------+---------
